 Dungeon Crawl Stone Soup version 0.29.1-1-gd02db6906a (webtiles) character file.

Game seed: 11678602611027118019

95 H0rd4k the Insei (level 4, -1/28 HPs)
             Began as an Octopode Transmuter on Oct 20, 2022.
             Slain by an orc
             ... wielding a +0 falchion
              (8 damage)
             ... on level 3 of the Dungeon.
             The game lasted 00:02:00 (3156 turns).

H0rd4k the Insei (Octopode Transmuter)              Turns: 3156, Time: 00:02:01

Health: -1/28      AC:  1    Str:  9    XL:     4   Next: 65%
Magic:  6/7        EV: 13    Int: 17    God:
Gold:   186        SH:  0    Dex: 12    Spells: 6/7 levels left

rFire   . . .      SeeInvis .     - Unarmed
rCold   . . .      Faith    .   (no shield)
rNeg    . . .      Spirit   .   (helmet currently unavailable)
rPois   .          Reflect  .   (no amulet)
rElec   .          Harm     .   (no ring)
rCorr   .          Rampage  .   (no ring)
Will    .....                   (no ring)
Stlth   ++........              (no ring)
HPRegen 0.09/turn               (no ring)
MPRegen 0.10/turn               (no ring)
                                (no ring)
                                (no ring)

@: appendages (expiring)
A: tentacle spike 3, almost no armour, amphibious, 8 rings, camouflage 1,
gelatinous body 1, (nimble swimmer 1), tentacles
a: End Transformation


You were on level 3 of the Dungeon.
One of your tentacles had grown a beastly spike.
You visited 1 branch of the dungeon, and saw 5 of its levels.

You collected 186 gold pieces.

Inventory:

Missiles
 l - 3 throwing nets
Jewellery
 m - a ring of willpower
 n - a ring of flight
Wands
 k - a wand of quicksilver (5)
Scrolls
 b - 3 scrolls of identify {unknown}
 c - a scroll of immolation {unknown}
 d - a scroll of summoning {unknown}
 e - a scroll of vulnerability {unknown}
 g - a scroll of enchant armour {unknown}
 i - a scroll of poison {unknown}
Potions
 a - a potion of lignification
 f - a potion of haste {unknown}
 h - 2 potions of curing {unknown}
 j - 2 potions of resistance {unknown}
 o - a potion of might {unknown}
 p - a potion of heal wounds {unknown}


   Skills:
 + Level 1.1 Fighting
 + Level 2.4 Dodging
 + Level 4.5 Unarmed Combat
 * Level 2.3 Spellcasting
 * Level 2.3 Transmutations


You had 6 spell levels left.
You knew the following spells:

 Your Spells              Type           Power      Damage    Failure   Level
a - Beastly Appendage     Tmut           18%        N/A       8%          1

Your spell library contained the following spells:

 Spells                   Type           Power      Damage    Failure   Level
 Wereblood                Tmut           9%         N/A       11%         2
 Freeze                   Ice            4%         1d3       19%         1
 Necrotise                Necr           4%         1d4       19%         1
 Passwall                 Tmut/Erth      4%         N/A       19%         2
 Ensorcelled Hibernation  Hex/Ice        2%         N/A       28%         2
 Spider Form              Tmut/Pois      5%         N/A       34%         3
 Frozen Ramparts          Ice            2%         1d1       50%         3
 Swiftness                Air            1%         N/A       50%         3
 Vampiric Draining        Necr           1%         2d6       50%         3
 Ice Form                 Ice/Tmut       5%         N/A       75%         4
 Hailstorm                Conj/Ice       1%         3d3       88%         4
 Agony                    Necr           1%         N/A       99%         5


Dungeon Overview and Level Annotations

Branches:
Dungeon (5/15)
 Temple: D:4-7

Altars:
Okawaru

Annotations:
D:4 1 runed translucent door, exclusion: downstairs, manix's ghost, amateur OgGl


Innate Abilities, Weirdness & Mutations

One of your tentacles has grown a beastly spike.
You cannot wear most types of armour.
You are amphibious.
You can wear up to eight rings at the same time.
Your skin changes colour to match your surroundings (Stealth+).
Your rubbery body absorbs attacks. (AC +1, EV +1)
((You are camouflaged when in or above water. (Stealth+)))
You have tentacles for arms and can constrict up to eight enemies at once.


Message History

You miss the bat. You grab the bat. You constrict the bat. The bat hits you.
The bat struggles to escape constriction.
You tentacle-slap the bat. You squeeze the bat.
The bat is severely wounded.
You constrict the bat.
You kill the bat!
No target in view!
An orc wizard comes into view. It is wielding a +0 dagger.
An orc wizard is nearby!
An orc wizard is nearby!
Casting: Beastly Appendage (safe; 8% risk of failure)
Confirm with . or Enter, or press ? or * to list all spells.
One of your tentacles grows a vicious spike.
The orc wizard shouts!
You hear a shout!
An orc comes into view. It is wielding a +0 falchion.
The orc wizard gestures at you while chanting.
The puff of flame hits you!
The orc shouts!
You hear a shout!
You hear an angry hiss.
You hear a shout!
You tentacle-slap the orc wizard. Your grab misses the orc wizard.
Your tentacle spike misses the orc wizard.
Your tentacle-slap misses the orc wizard.
The orc wizard is moderately wounded.
Your transformation is almost over.
The orc wizard closely misses you.
You closely miss the orc wizard. Your grab misses the orc wizard.
The orc wizard is moderately wounded.
The orc wizard points at you and mumbles some strange words.
The puff of flame misses you.
You closely miss the orc wizard. You grab the orc wizard.
The orc wizard is moderately wounded.
You constrict the orc wizard, but do no damage.
The orc wizard mumbles some strange words.
The orc wizard flickers and vanishes!
Deactivating autopickup; reactivate with Ctrl-A.
The orc closely misses you.
You tentacle-slap something. You constrict something. Something hits you.
* * * LOW HITPOINT WARNING * * *
The orc hits you with a +0 falchion!
You die...

#. #.# # ###.###
#.#.....# #.#.#.#.##
........############
#.#.#....).........
#.#o....#############
#.{@.### #.#####


You could see an orc.

Vanquished Creatures
  An orc priest (D:3)
  3 adders (D:2)
  A worm (D:4)
  A dart slug (D:1)
  An orc (D:3)
  3 ball pythons
  5 endoplasms
  2 giant cockroaches
  A hobgoblin (D:2)
  2 kobolds
  A quokka (D:2)
  3 bats
  2 frilled lizards
  4 goblins
  5 rats (D:1)
35 creatures vanquished.

Vanquished Creatures (others)
  2 withered plants (D:4)
2 creatures vanquished.

Grand Total: 37 creatures vanquished

Notes
Turn   | Place    | Note
-------+----------+-------------------------------------------
     0 | D:1      | H0rd4k the Octopode Transmuter began the quest for the Orb.
     0 | D:1      | Reached XP level 1. HP: 13/13 MP: 3/3
   956 | D:1      | Reached XP level 2. HP: 18/18 MP: 5/5
  1604 | D:2      | Found an iron altar of Okawaru.
  1634 | D:2      | Reached XP level 3. HP: 15/23 MP: 6/6
  2084 | D:2      | Reached skill level 4 in Unarmed Combat
  2170 | D:2      | Found a faded altar of an unknown god.
  2599 | D:3      | Reached XP level 4. HP: 28/28 MP: 7/7
  2614 | D:3      | You fall into a shaft and drop 2 floors!
  2614 | D:5      | Entered Level 5 of the Dungeon
  2622 | D:5      | Noticed a necrophage
  2680 | D:4      | Found a runed translucent door.
  2684 | D:4      | Noticed manix's ghost (amateur OgGl)
  2806 | D:4      | Noticed a necrophage
  3156 | D:3      | Slain by an orc

Illustrated notes

Levels and vault maps discovered:
D:1:      minmay_arrival_four_circles, layout_loops_ring, minmay_misc_feat_chi,
          feat_on_display
D:2:      layout_basic, shapermc_ecumenical_altar_starsandcircs, basic_altar
D:3:      layout_loops_ring, nicolae_overflow_quartered_altars, uniq_pargi
D:4:      layout_loops_ring, gammafunk_ghost_grave, lemuel_flame_loot_1
D:5:      layout_loops_ring, grunt_temple_overflow_open, serial_bayou_crossing

Skill      XL: |  1  2  3 |
---------------+----------+-----
Unarmed Combat | 4 |  4.5
Fighting       | |  1.1
Dodging        | |  2.4
Spellcasting   | |  2.3
Transmutations | |  2.3

Action                   |  1- 3 |  4- 6 || total
-------------------------+-------+-------++-------
Melee: Unarmed           |    75 |    23 ||    98
       Tentacles         |     9 |     4 ||    13
       Constrict         |    13 |     5 ||    18
       Punch             |     1 |       ||     1
       Kick              |       |     6 ||     6
 Cast: Beastly Appendage |       |     3 ||     3
 Stab: Sleeping          |     9 |       ||     9
       Distracted        |     1 |       ||     1
Armor: Skin              |     3 |       ||     3
Dodge: Dodged            |    28 |    11 ||    39
